 Dungeon Crawl Stone Soup version 0.24.0-10-g970556be89 (webtiles) character file.

Game seed: 17936827467257334464, levelgen mode: deterministic

40432 Mesmaeker13 the Destroyer (level 14, -16/76 HPs)
             Began as an Octopode Conjurer on Nov 4, 2019.
             Was an Elder of Vehumet.
             Demolished by a dire elephant (40 damage)
             ... on level 6 of the Lair of Beasts.
             The game lasted 01:01:56 (34773 turns).

Mesmaeker13 the Destroyer (Octopode Conjurer)      Turns: 34773, Time: 01:01:57

Health: -16/76     AC:  1    Str:  8    XL:     14   Next: 10%
Magic:  2/26       EV: 21    Int: 21    God:    Vehumet [****..]
Gold:   1570       SH: 14    Dex: 19    Spells: 6/29 levels left

rFire    . . .     SeeInvis +   y - staff of conjuration
rCold    + . .     Gourm    .   m - +4 shield
rNeg     . . .     Faith    .   (helmet restricted)
rPois    .         Spirit   .   (no amulet)
rElec    .         Reflect  .   n - +6 ring of dexterity
rCorr    +         Harm     .   p - ring of resist corrosion
MR       +....                  C - ring of see invisible
Stlth    +++.......             K - ring of protection from fire
HPRegen  0.22/turn              q - ring of ice
MPRegen  0.20/turn              x - ring of wizardry
                                (no ring)
                                (no ring)

@: about to teleport, very slightly contaminated
A: almost no armour, stealthy swim, amphibious, 8 rings, constrict 8, camouflage
1, gelatinous body 1
a: Renounce Religion


You were on level 6 of the Lair of Beasts.
You worshipped Vehumet.
Vehumet was greatly pleased with you.
You were not hungry.

You visited 3 branches of the dungeon, and saw 18 of its levels.

You collected 1570 gold pieces.

Inventory:

Hand Weapons
 a - the +2 dagger "Qehes" {flame, rElec SInv Stlth+}
   (You found it on level 6 of the Dungeon)

   It has been specially enchanted to burn those struck by it, causing extra
   injury to most foes and up to half again as much damage against particularly
   susceptible opponents.
   It insulates you from electricity.
   It lets you see invisible.
   It makes you more stealthy.
 h - a +2 dagger of electrocution
 v - the +7 executioner's axe of Zentivvu {drain, +Blink rElec Int-3}
   (You found it on level 6 of the Lair of Beasts)

   A truly terrible weapon, it drains the life of those it strikes.
   It affects your intelligence (-3).
   It insulates you from electricity.
   It lets you blink.
Missiles
 d - 40 poisoned darts (quivered)
 o - 15 javelins
Armour
 m - a +4 shield (worn)
Magical Staves
 y - an uncursed staff of conjuration (weapon)
 B - an uncursed staff of wizardry
Jewellery
 n - a +6 ring of dexterity (left tentacle)
 p - a ring of resist corrosion (right tentacle)
 q - a ring of ice (on tentacle)
 x - a ring of wizardry (on tentacle)
 C - a ring of see invisible (on tentacle)
 K - a ring of protection from fire (on tentacle)
Wands
 D - a wand of digging (5)
 M - a wand of scattershot (5)
Scrolls
 c - 5 scrolls of noise
 e - a scroll of enchant weapon
 f - 5 scrolls of amnesia
 g - 3 scrolls of immolation
 l - 2 scrolls of blinking
 r - 9 scrolls of remove curse
 s - 3 scrolls of vulnerability
 w - a scroll of fear
 I - 7 scrolls of teleportation
 N - 2 scrolls of torment
 P - a scroll of holy word
Potions
 i - 3 potions of flight
 k - 3 potions of haste
 t - a potion of brilliance {unknown}
 z - 2 potions of curing
 E - 2 potions of might
 F - a potion of ambrosia
 G - a potion of cancellation
 J - a potion of invisibility {unknown}
 L - 2 potions of mutation {unknown}
 O - a potion of agility {unknown}
 R - a potion of berserk rage
Comestibles
 b - 21 rations


   Skills:
 - Level 10.8 Dodging
 - Level 2.6 Stealth
 + Level 8.2 Shields
 - Level 8.0 Spellcasting
 + Level 12.8 Conjurations
 - Level 9.0 Hexes
 - Level 6.5 Translocations
 + Level 5.6 Ice Magic
 - Level 3.6 Air Magic
 - Level 4.0 Poison Magic


You had 6 spell levels left.
You knew the following spells:

 Your Spells              Type           Power        Failure   Level  Hunger
a - Magic Dart            Conj           ####         1%          1    None
b - Searing Ray           Conj           ######       1%          2    None
c - Dazzling Spray        Conj/Hex       ######       1%          3    None
d - Fulminant Prism       Conj/Hex       ######....   1%          4    ###....
e - Force Lance           Conj/Tloc      ######..     1%          4    ###....
f - Mephitic Cloud        Conj/Pois/Air  ######..     1%          3    None
g - Bolt of Cold          Conj/Ice       #######...   8%          6    ######.

Your spell library contained the following spells:

 Spells                   Type           Power        Failure   Level  Hunger
 Apportation              Tloc           #####.       1%          1    None
 Confusing Touch          Hex            #####.       1%          1    None
 Corona                   Hex            #####..      1%          1    None
 Ensorcelled Hibernation  Hex/Ice        ######       1%          2    None
 Confuse                  Hex            #####...     1%          3    None
 Tukima's Dance           Hex            #####...     1%          3    None
 Iskenderun's Mystic Bla  Conj           #######.     1%          4    ###....
 Animate Skeleton         Necr           N/A          8%          1    None
 Summon Small Mammal      Summ           #...         8%          1    None


Dungeon Overview and Level Annotations

Branches:
Dungeon (11/15)            Temple (1/1) D:6            Lair (6/6) D:10
 Shoals (0/4) Lair:4        Snake (0/4) Lair:4        Slime (0/5) Lair:5
    Orc: D:9-12

Altars:
Ashenzari
Cheibriados
Dithmenos
Elyvilon
Fedhas
Gozag
Hepliaklqana
Kikubaaqudgha
Makhleb
Nemelex Xobeh
Okawaru
Qazlal
Ru
Sif Muna
Trog
Uskayaw
Vehumet
Wu Jian
Xom
Yredelemnul
Zin
The Shining One
Jiyva

Shops:
D:4 %

Annotations:
D:7 1 runed translucent door, Ratty's ghost, novice CeBe
D:11 2 exclusions
Lair:6 1 exclusion


Innate Abilities, Weirdness & Mutations

You cannot wear most types of armour.
You are very stealthy in the water. (Stealth+)
You are amphibious.
You can wear up to eight rings at the same time.
You can use your tentacles to constrict eight enemies at once.
Your skin changes colour to match your surroundings (Stealth+).
Your rubbery body absorbs attacks. (AC +1, EV +1)


Message History

You are engulfed in noxious fumes.
You choke on the stench!
You are confused.
The dire elephant is engulfed in noxious fumes.
The dire elephant completely misses you.
The dire elephant closely misses you.
The dire elephant is engulfed in noxious fumes.
You feel less confused.
The dire elephant is engulfed in noxious fumes.
The dire elephant tramples you!
You hold your ground!
You block the dire elephant's attack.
The dire elephant is engulfed in noxious fumes.
There is an open door here.
You see here a +0 buckler.
Casting: Mephitic Cloud (safe; 1% risk of failure)
Confirm with . or Enter, or press ? or * to list all spells.
Okay, then.
As you read the scroll of teleportation, it crumbles to dust.
You feel strangely unstable. The dire elephant tramples you!!!
Ouch! That really hurt!
You die...

.........♣#...#8.8#
##....#...###.#...#
##.........##.##..###
##...P.....♣#..#..'.###
##...#.....♣##.#..'...#
###.##....♣ #.#####.P#
#.#.#..♣# #...8#.°○#
#......######..[..○##
#.....♣#[..'.@Y#....#
###...##..P#####...##
##..##...# ##..#
#..##P..# #..#
*#..##...# ♣♣..#
*P..♣#..P# ♣♣.♣##
*#.####### ♣.♣♣ ### ♣♣♣


You could see a dire elephant.

Vanquished Creatures
  2 dire elephants (Lair:6)
  Josephine (Lair:6)
  4 hydras
  An anaconda (Lair:6)
  3 two-headed ogres
  An unseen horror (D:8)
  A sea snake (shapeshifter) (D:10)
  5 oklob plants
  4 elephants
  A cyclops (D:11)
  Joseph (D:9)
  2 black mambas
  10 spiny frogs
  5 rime drakes
  9 komodo dragons
  A queen bee (Lair:3)
  A troll (D:9)
  10 blink frogs
  7 hippogriffs
  Prince Ribbit (D:9)
  Sigmund (D:6)
  6 wraiths
  5 wyverns
  10 yaks
  4 steam dragons
  2 hungry ghosts
  4 nagas (Lair:4)
  19 water moccasins
  6 porcupines
  A sky beast (D:10)
  4 orc warriors
  2 hornet zombies
  A black bear (D:5)
  An eye of draining (D:8)
  3 ice beasts
  10 wolves
  2 necrophages
  10 ogres
  A phantom (D:9)
  9 centaurs
  17 crocodiles
  2 big kobolds
  10 bullfrogs
  A wyvern skeleton (D:10)
  6 scorpions
  34 killer bees
  11 wights
  5 howler monkeys
  3 electric eels (Lair:1)
  6 crimson imps
  A centaur zombie (D:5)
  2 bullfrog zombies (D:10)
  2 hounds
  A bullfrog skeleton (D:5)
  4 orc priests
  A gnoll shaman (D:5)
  3 centaur skeletons
  2 iguanas
  16 orc wizards
  5 worker ants
  2 hound zombies
  A hound skeleton (D:6)
  A howler monkey zombie (D:11)
  A worker ant zombie (D:8)
  11 adders
  4 gnolls (D:4)
  4 shadow imps
  An ooze (D:5)
  3 adder zombies
  2 adder skeletons
  2 worms (D:2)
  3 dart slugs
  3 leopard geckos
  34 orcs
  8 giant cockroaches
  3 hobgoblins
  8 jackals
  5 quokkas
  6 bats
  5 frilled lizards
  8 goblins
  16 kobolds
  A leopard gecko zombie (D:5)
  2 rats
  A fulminant prism (Lair:6)
  2 fungi (Lair:5)
  12 plants
452 creatures vanquished.

Vanquished Creatures (others)
  125 fulminant prisms
  5 fungi
  17 plants
147 creatures vanquished.

Grand Total: 599 creatures vanquished

Notes
Turn   | Place    | Note
-------+----------+-------------------------------------------
     0 | D:1      | Mesmaeker13 the Octopode Conjurer began the quest for the
                  | Orb.
     0 | D:1      | Reached XP level 1. HP: 11/11 MP: 3/3
   211 | D:1      | Reached XP level 2. HP: 15/17 MP: 0/5
  1228 | D:2      | Noticed a bullfrog
  1234 | D:2      | Learned a level 2 spell: Searing Ray
  1345 | D:2      | Killed a bullfrog
  1345 | D:2      | Reached XP level 3. HP: 11/21 MP: 1/7
  1345 | D:2      | Reached XP level 4. HP: 15/27 MP: 1/8
  2171 | D:2      | Reached XP level 5. HP: 31/31 MP: 6/9
  2366 | D:2      | Found an ornate altar of the Wu Jian Council.
  2366 | D:2      | Found a shattered altar of Ashenzari.
  2368 | D:2      | Found a blossoming altar of Fedhas.
  2371 | D:2      | Found a white marble altar of Elyvilon.
  2374 | D:2      | Found a hide-covered altar of Uskayaw.
  2374 | D:2      | Found a burning altar of Makhleb.
  2377 | D:2      | Found a glowing golden altar of the Shining One.
  2378 | D:2      | Found an opulent altar of Gozag.
  2431 | D:3      | Noticed an ogre
  2435 | D:3      | Killed an ogre
  2435 | D:3      | Reached skill level 5 in Conjurations
  2579 | D:3      | Learned a level 3 spell: Dazzling Spray
  2704 | D:3      | Reached XP level 6. HP: 36/36 MP: 7/11
  3347 | D:3      | Noticed an angel
  3349 | D:3      | Found a glowing silver altar of Zin.
  3351 | D:3      | Found a shimmering altar of Xom.
  3470 | D:4      | Found a glowing golden altar of the Shining One.
  3826 | D:4      | Found Pefucry's Food Shop.
  3843 | D:5      | Entered Level 5 of the Dungeon
  4723 | D:5      | Reached XP level 7. HP: 28/41 MP: 3/13
  5208 | D:5      | Reached skill level 6 in Conjurations
  5332 | D:5      | Reached skill level 5 in Dodging
  5332 | D:5      | Reached skill level 1 in Hexes
  5850 | D:4      | Learned a level 4 spell: Fulminant Prism
  5854 | D:4      | Reached XP level 8. HP: 46/46 MP: 9/14
  6789 | D:6      | Noticed Sigmund
  6793 | D:6      | Killed Sigmund
  6793 | D:6      | Reached skill level 7 in Conjurations
  7081 | D:6      | Found an ornate altar of the Wu Jian Council.
  7179 | D:6      | Found a staircase to the Ecumenical Temple.
  7234 | Temple   | Entered the Ecumenical Temple
  7236 | Temple   | Reached XP level 9. HP: 43/50 MP: 2/15
  7544 | Temple   | Became a worshipper of Vehumet
  8062 | D:6      | Got a jewelled dagger
  8200 | D:6      | Identified the cursed +2 dagger "Qehes" {flame, rElec SInv
                  | Stlth+} (You found it on level 6 of the Dungeon)
  8387 | D:6      | Reached skill level 8 in Conjurations
  8403 | D:6      | Reached skill level 5 in Hexes
  9525 | D:4      | You fall into a shaft and drop 1 floor!
 10145 | D:7      | Reached * piety under Vehumet
 10145 | D:7      | Offered knowledge of Shock by Vehumet.
 10465 | D:7      | Found a runed translucent door.
 10465 | D:7      | Noticed Ratty's ghost (novice CeBe)
 10976 | D:7      | Found a hazy altar of Hepliaklqana.
 10986 | D:7      | Reached skill level 9 in Conjurations
 10986 | D:7      | Reached XP level 10. HP: 56/56 MP: 11/16
 11393 | D:8      | Noticed an unseen horror
 11564 | D:8      | Killed an unseen horror
 11846 | D:8      | Reached ** piety under Vehumet
 11846 | D:8      | Offered knowledge of Flame Tongue by Vehumet.
 12633 | D:8      | Noticed a two-headed ogre
 12651 | D:8      | Killed a two-headed ogre
 13129 | D:9      | Reached skill level 10 in Conjurations
 14073 | D:9      | Noticed Prince Ribbit
 14087 | D:9      | Killed Prince Ribbit
 14114 | D:9      | Reached XP level 11. HP: 61/61 MP: 11/17
 14166 | D:9      | Noticed Joseph
 14192 | D:9      | Killed Joseph
 14822 | D:9      | Reached skill level 10 in Dodging
 14919 | D:10     | Entered Level 10 of the Dungeon
 15390 | D:10     | Noticed an oklob plant
 15399 | D:10     | Offered knowledge of Throw Frost by Vehumet.
 15777 | D:10     | Noticed a sea snake
 15791 | D:10     | Killed a sea snake
 15816 | D:10     | HP: 3/61 [poisoned by a sea snake]
 15823 | D:10     | HP: 2/61 [poisoned by a sea snake]
 15828 | D:10     | HP: 2/61 [poisoned by a sea snake]
 16152 | D:10     | Learned a level 4 spell: Force Lance
 16515 | D:10     | Reached *** piety under Vehumet
 16777 | D:10     | Reached skill level 1 in Translocations
 17120 | D:10     | Noticed a two-headed ogre
 17133 | D:10     | Killed a two-headed ogre
 17133 | D:10     | Reached skill level 11 in Conjurations
 17847 | D:10     | Noticed a two-headed ogre
 17876 | D:10     | Killed a two-headed ogre
 18148 | D:10     | Offered knowledge of Mephitic Cloud by Vehumet.
 18176 | D:10     | Learned a level 3 spell: Mephitic Cloud
 18485 | D:10     | Found a staircase to the Lair.
 18722 | D:10     | Killed an oklob plant
 18722 | D:10     | Reached skill level 1 in Shields
 18810 | D:11     | Reached skill level 5 in Spellcasting
 19136 | D:11     | Noticed an ettin
 19136 | D:11     | Noticed a deep elf annihilator
 20453 | D:11     | Noticed a cyclops
 20472 | D:11     | Killed a cyclops
 20501 | D:11     | Reached XP level 12. HP: 50/66 MP: 14/20
 20833 | Lair:1   | Entered Level 1 of the Lair of Beasts
 21068 | Lair:1   | Reached **** piety under Vehumet
 21637 | Lair:1   | Noticed a six-headed hydra
 21652 | Lair:1   | Killed a six-headed hydra
 22072 | Lair:1   | Reached skill level 5 in Translocations
 22203 | Lair:1   | Offered knowledge of Sticky Flame by Vehumet.
 24331 | Lair:3   | Reached skill level 1 in Poison Magic
 25790 | Lair:3   | Reached skill level 1 in Air Magic
 26740 | Lair:4   | Reached XP level 13. HP: 71/71 MP: 17/25
 26949 | Lair:4   | Reached skill level 5 in Shields
 27493 | Lair:4   | Reached ***** piety under Vehumet
 27702 | Lair:4   | Found a staircase to the Snake Pit.
 27730 | Lair:4   | Offered knowledge of Bolt of Cold by Vehumet.
 27741 | Lair:4   | Learned a level 6 spell: Bolt of Cold
 27877 | Lair:4   | Found a staircase to the Shoals.
 27905 | Lair:4   | Reached skill level 1 in Ice Magic
 29387 | Lair:5   | Found a viscous altar of Jiyva.
 29437 | Lair:5   | Reached skill level 12 in Conjurations
 29687 | Lair:5   | Found a staircase to the Slime Pits.
 29956 | Lair:6   | Entered Level 6 of the Lair of Beasts
 31495 | Lair:5   | HP: 3/71 [spiny frog (26)]
 31863 | Lair:6   | Got an iridescent executioner's axe
 32466 | Lair:6   | Noticed Josephine
 33387 | Lair:6   | Killed Josephine
 33885 | Lair:6   | Reached skill level 5 in Ice Magic
 34066 | Lair:6   | Reached XP level 14. HP: 67/76 MP: 17/26
 34128 | Lair:6   | Identified the +7 executioner's axe of Zentivvu {drain,
                  | +Blink rElec Int-3} (You found it on level 6 of the Lair of
                  | Beasts)
 34226 | Lair:6   | Noticed a dire elephant
 34500 | Lair:6   | Killed a dire elephant
 34663 | Lair:6   | Found the +2 cloak of the Thief {+Fog Slay-2 SInv Stlth+}
 34688 | Lair:6   | Noticed a dire elephant
 34688 | Lair:6   | Noticed a dire elephant
 34708 | Lair:6   | Killed a dire elephant
 34773 | Lair:6   | Demolished by a dire elephant

Levels and vault maps discovered:
D:1:      lightli_arrival_noodles, layout_basic, minmay_misc_feat_more_columns
D:2:      cheibrodos_helix_gallery, layout_basic, minitemple
D:3:      layout_rooms, grunt_temple_overflow_order_and_chaos_1
D:4:      layout_basic, serial_shops, nicolae_shop_stone, first_ration,
          tso_metal_star
D:5:      layout_basic, hangedman_decor_diamond_cutter
D:6:      layout_loops_cross, temple_pool_b, basic_altar, uniq_sigmund
D:7:      layout_basic, overflow_temple_1_default,
          hellmonk_ghost_happy_afterlife, minmay_misc_feat_tower
D:8:      layout_cave_pools
D:9:      layout_roguey, uniq_prince_ribbit1, uniq_joseph
D:10:     layout_gridville, dpeg_oklobed_lair, grunt_ogre_cave
D:11:     minmay_glassy_protrusions, layout_basic, kennysheep_generic_room_10
Temple:   minmay_temple_curvy_loop
Lair:1:   layout_big_grid, gauntlet_entry_generic, serial_bayou_lagoon_b,
          grunt_megastairs_3
Lair:2:   layout_loops_ring, serial_bayou_pond_c, chequers_serial_rivers_room_a,
          beast_lair_carwin_4, grunt_megastairs_2
Lair:3:   layout_hall_layers, special_room [special_room_bee],
          chequers_serial_rivers_micro_a
Lair:4:   layout_long_grid, minmay_shoals_entry_centaurs,
          minmay_snake_entry_guardpost_medium
Lair:5:   layout_gridlike, slime_altar_1, serial_bayou_shore_b,
          lemuel_fruit_fields
Lair:6:   due_jungle_book, layout_cave_shapes, minmay_lair_oklob_chamber,
          serial_bayou_shore_a, uniq_josephine

Skill      XL: |  1  2  3  4  5  6  7  8  9 10 11 12 13 14 |
---------------+-------------------------------------------+-----
Dodging        | 3 4 5 6 8 9 10 | 10.8
Spellcasting   | 3 4 5 8 |  8.0
Conjurations   | 5 6 7 9 10 11 12 | 12.8
Hexes          | 2 4 6 8 9 |  9.0
Translocations | 3 6 |  6.5
Shields        | 2 4 7 8 |  8.2
Poison Magic   | 4 |  4.0
Air Magic      | 1 3 |  3.6
Ice Magic      | 5 |  5.6
Stealth        | |  2.6

Action                   |  1- 3 |  4- 6 |  7- 9 | 10-12 | 13-15 || total
-------------------------+-------+-------+-------+-------+-------++-------
Melee: Unarmed           |    11 |     3 |       |       |       ||    14
       Constrict         |     1 |     5 |    17 |    17 |     2 ||    42
       Tentacles         |     1 |     3 |    16 |    26 |     8 ||    54
       Dagger            |       |    16 |    56 |    38 |    25 ||   135
       Staff             |       |       |       |    57 |    16 ||    73
Throw: Throwing net      |       |       |       |     3 |       ||     3
       Dart              |       |       |       |     1 |       ||     1
 Cast: Magic Dart        |    27 |    82 |    90 |   276 |    63 ||   538
       Searing Ray       |     1 |    16 |    57 |   132 |    67 ||   273
       Dazzling Spray    |       |     1 |     6 |    20 |    11 ||    38
       Fulminant Prism   |       |       |     3 |    58 |    65 ||   126
       Force Lance       |       |       |       |     5 |     2 ||     7
       Mephitic Cloud    |       |       |       |     1 |     7 ||     8
       Bolt of Cold      |       |       |       |       |     6 ||     6
Evoke: Wand              |       |       |       |     2 |     9 ||    11
  Use: Scroll            |     2 |     3 |     4 |     8 |    13 ||    30
       Potion            |       |     3 |     7 |     3 |     5 ||    18
 Stab: Sleeping          |       |       |     4 |       |       ||     4
       Invisible         |       |       |       |     1 |     1 ||     2
       Confused          |       |       |       |     2 |     1 ||     3
  Eat: Ration            |     1 |       |     5 |     9 |     7 ||    22
       Chunk             |       |     9 |     7 |    24 |     8 ||    48
Armor: Skin              |     2 |       |     8 |     8 |    29 ||    47
Dodge: Dodged            |    15 |    40 |   147 |   321 |   215 ||   738
Block: Buckler           |       |       |       |    55 |    67 ||   122
       Shield            |       |       |       |       |     1 ||     1
